 Dungeon Crawl Stone Soup version 0.31-a0-167-g1c394c0614 (webtiles) character file.

Game seed: 2396682239529998711

91618 qw the Severer (level 16, 0/104 HPs)
             Began as a Gargoyle Fighter on June 14, 2023.
             Was a High Priest of Okawaru.
             Killed from afar by an orc sorcerer (36 damage)
             ... with a bolt of fire
             ... on level 2 of the Orcish Mines.
             The game lasted 00:11:58 (21438 turns).

qw the Severer (Gargoyle Fighter)                  Turns: 21438, Time: 00:11:58

Health: 0/104      AC: 43    Str: 26    XL:     16   Next: 3%
Magic:  23/23      EV: 11    Int: 11    God:    Okawaru [*****.]
Gold:   1503       SH:  7    Dex:  9    Spells: 15/15 levels left

rFire   x x .        A - +7 broad axe of Sloth {flame, rF- Will+ Stlth+}
rCold   + . .        c - +0 buckler
rNeg    + . .        q - +0 shadow dragon scales
rPois   inf          g - +2 helmet
rElec   +            r - +0 cloak
rCorr   .            t - +2 pair of gloves
SInv    +            l - +0 pair of boots
Will    ++...        (no amulet)
Stlth   +++++        f - ring of ice
HPRegen 0.37/turn    z - ring of see invisible
MPRegen 0.18/turn

%: no passive effects
@: heroic, flying
A: sickness immunity, AC +12, big wings, negative energy resistance 1,
electricity resistance, torment resistance 1, petrification resistance
a: Renounce Religion, Heroism, Finesse, Duel


You were on level 2 of the Orcish Mines.
You worshipped Okawaru.
Okawaru was extremely pleased with you.
You visited 4 branches of the dungeon, and saw 23 of its levels.

You collected 1979 gold pieces.
You spent 476 gold pieces at shops.


Innate Abilities, Weirdness & Mutations

You are immune to sickness and miasma.
Your stone body is resilient. (AC +12)
You are immune to poison.
Your large and strong wings let you fly.
You resist negative energy. (rN+)
You are resistant to electric shocks. (rElec)
You are resistant to unholy torment.
You are immune to petrification.


   Skills:
 - Level 13.0(18.0) Fighting
 + Level 17.2(22.2) Axes
 - Level 6.0(11.0) Throwing
 - Level 13.0(18.0) Armour
 - Level 4.0(9.0) Dodging
 - Level 8.2(13.2) Shields
 - Level 10.0 Invocations


You had 15 spell levels left.
You didn't know any spells.
Your spell library was empty.

Inventory:

Hand Weapons
 u - a +0 broad axe
 x - a +8 war axe of freezing
 A - the +7 broad axe of Sloth (weapon) {flame, rF- Will+ Stlth+}
   (Okawaru gifted it to you on level 12 of the Dungeon)

   rF:        It makes you vulnerable to fire.
   Will:      It increases your willpower.
   Stlth:     It makes you more stealthy.
Missiles
 h - 18 boomerangs
 v - 6 boomerangs of dispersal
 B - 7 javelins (quivered)
Armour
 c - a +0 buckler (worn)
 g - a +2 helmet (worn)
 l - a +0 pair of boots (worn)
 m - +0 acid dragon scales
 q - +0 shadow dragon scales (worn)
 r - a +0 cloak (worn)
 t - a +2 pair of gloves (worn)
Jewellery
 f - a ring of ice (left hand)
 i - a +6 ring of dexterity
 y - a ring of willpower
 z - a ring of see invisible (right hand)
 C - a ring of protection from cold
 Y - a ring of willpower
Wands
 j - a wand of digging (12)
Scrolls
 n - 13 scrolls of teleportation
 p - 8 scrolls of identify
Potions
 a - 4 potions of haste
 b - 2 potions of resistance
 d - 9 potions of might
 e - 4 potions of lignification
 k - 8 potions of curing
 o - a potion of cancellation
 s - 3 potions of heal wounds
 w - 2 potions of mutation

Dungeon Overview and Level Annotations

Branches:
Dungeon (15/15)            Temple (1/1) D:5            Lair (5/5) D:9
 Shoals (0/4) Lair:3        Snake (0/4) Lair:3        Slime (0/5) Lair:4
    Orc (1/2) D:10         Vaults (0/5) D:13         Depths (0/4) D:15

Altars:
Ashenzari
Cheibriados
Dithmenos
Elyvilon
Fedhas
Gozag
Hepliaklqana
Kikubaaqudgha
Makhleb
Nemelex Xobeh
Okawaru
Qazlal
Ru
Sif Muna
Trog
Uskayaw
Vehumet
Wu Jian
Xom
Yredelemnul
Zin
The Shining One
Jiyva

Shops:
D:2 (   D:4 !   D:6 :   D:9 =   D:10 *   D:12 (

Annotations:
D:2 exclusion: 2 kobolds
D:4 3 runed translucent doors, qw's ghost, amateur GrHu
D:5 4 runed translucent doors
D:6 2 transporters, qw's ghost, novice NaHu
D:11 1 runed translucent door
Lair:3 2 runed translucent doors, qw's ghost, journeyman GrHu
Lair:4 1 runed translucent door
Orc:2 Saint Roka


Message History

The orc knight is almost dead.
You barely miss the orc wizard.
The orc wizard hits you but does no damage.
The orc knight hits you with a +0 battleaxe!!
You slice the orc knight!! You burn the orc knight.
You kill the orc knight!
Okawaru accepts your kill.
You slice the orc wizard!! You burn the orc wizard.
You kill the orc wizard!
Okawaru accepts your kill.
An orc warrior comes into view. It is wielding a +0 flail.
The orc priest invokes the aid of Beogh against you.
Pain shoots through your body!
An orc warrior and an orc come into view.
An orc wizard comes into view. It is wielding a +0 dagger.
The orc priest looks satisfied for a moment.
The orc moves out of view.
An orc warrior comes into view. It is wielding a +0 halberd.
21428 ||| Stepping ~*~*~tactically~*~*~ (hiding).
The orc warrior moves out of view.
You slice the orc priest!! You burn the orc priest!
You kill the orc priest!
Okawaru accepts your kill.
21431 ||| Stepping ~*~*~tactically~*~*~ (hiding).
You start resting.
An orc warrior is nearby!
An orc sorcerer comes into view.
It is wielding a +0 dagger and wearing a +2 robe of positive energy.
The orc warrior hits you but does no damage.
21436 ||| Stepping ~*~*~tactically~*~*~ (hiding).
You slice the orc warrior!! You burn the orc warrior!
You kill the orc warrior!
Okawaru accepts your kill.
You hear a shout! x11
An orc knight, an orc warrior and an orc high priest come into view.
You hear a shout!
Saint Roka the Messiah comes into view.
They are wielding a +3 war axe and wearing a +2 chain mail of willpower.
An orc warrior comes into view. It is wielding a +0 short sword.
The orc sorcerer casts a spell at you. The bolt of fire hits you!!!
The fire burns you terribly!
You die...

..... ..
###....######..
##.#.......8....
##..........o...o
#..............oo
#...........o....
##...........8....
##.#.......@###
#.............#
#.......)....##
#......).)..##
#...)).....#
##..)).....#
##..))..#..#
#...)........#
##....#.......


You could see Saint Roka, an orc knight, an orc high priest, an orc sorcerer and
an orc warrior (wandering).

Vanquished Creatures
  Kirke (D:12)
  Snorg (D:12)
  A yaktaur captain (D:13)
  A fire dragon (D:15)
  5 hydras
  An ice dragon (D:15)
  2 boulder beetles
  5 centaur warriors
  2 catoblepae (Lair:5)
  4 two-headed ogres
  A deep troll shaman (Lair:5)
  10 death yaks (Lair:5)
  Nergalle (D:12)
  A skyshark (Lair:5)
  6 skeletal warriors (D:13)
  2 lindwurms
  2 deep elf pyromancers
  6 manticores
  2 orc knights
  7 cyclopes
  10 ugly things
  3 centaur zombies (D:13)
  19 elephants
  5 gargoyles (D:9)
  7 black mambas
  11 cane toads
  Maggie (D:9)
  A torpor snail (Lair:3)
  11 rime drakes
  Psyche (D:8)
  An efreet (D:15)
  A kobold demonologist (D:5)
  2 yaktaurs (D:13)
  11 komodo dragons
  3 polar bears
  3 trolls
  8 hornets (Lair:3)
  A wind drake (Lair:3)
  9 blink frogs
  23 dream sheep
  20 slime creatures
  4 wraiths
  2 shadows
  5 spriggans (D:8)
  6 basilisks
  3 vampires (D:13)
  9 wyverns
  6 hogs (D:12)
  39 yaks
  A hog (shapeshifter) (D:15)
  3 steam dragons
  11 vampire mosquitoes
  3 nagas (Lair:3)
  A warg (D:15)
  2 acid dragons
  10 water moccasins
  Duvessa (D:5)
  A hornet zombie (D:13)
  2 ice beasts (D:7)
  13 orc warriors
  A black bear (Lair:5)
  A sky beast (D:8)
  23 wolves
  2 centaurs (D:8)
  4 ogres
  2 phantoms
  3 kobold brigands
  9 bullfrogs
  A scorpion (D:6)
  4 wights
  Dowan (D:5)
  12 killer bees
  9 howler monkeys
  2 hounds
  2 jellies
  9 orc priests
  A gnoll bouda (D:7)
  5 sleepcaps
  6 iguanas
  14 orc wizards
  A boggart zombie (D:13)
  7 hell rats (D:15)
  3 adders
  10 gnolls
  2 shadow imps
  4 ufetubi
  4 worms
  4 dart slugs
  48 orcs
  6 ball pythons
  5 bats
  3 endoplasms
  2 giant cockroaches
  10 goblins
  6 hobgoblins
  7 jackals
  2 quokkas
  3 frilled lizards
  16 kobolds
  7 rats
595 creatures vanquished.

Vanquished Creatures (others)
  A wizard (D:14)
  An orc (D:8)
  A goblin (D:9)
3 creatures vanquished.

Grand Total: 598 creatures vanquished

Notes
Turn   | Place    | Note
-------+----------+-------------------------------------------
     0 | D:1      | qw the Gargoyle Fighter began the quest for the Orb.
     0 | D:1      | Reached XP level 1. HP: 14/14 MP: 1/1
     0 | D:1      | 0 ||| qw: Version: 0.2-a-29-g1fa15c8
     0 | D:1      | 0 ||| qw: Game counter: 5038
     0 | D:1      | 0 ||| qw: Always use a shield: true
     0 | D:1      | 0 ||| qw: God list: Okawaru
     0 | D:1      | 0 ||| qw: Allow faded altars: false
     0 | D:1      | 0 ||| qw: Do Orc after D:15 true
     0 | D:1      | 0 ||| qw: Do second Lair branch before Depths: true
     0 | D:1      | 0 ||| qw: Lair rune preference: random
     0 | D:1      | 0 ||| qw: Plans: Normal, Zot:1-4, Slime:5, God:TSO, Crypt,
                  | Tomb, Abyss, Pan, Hells, Win
     0 | D:1      | 0 ||| PLANNING D:1-11
    28 | D:1      | Reached skill level 2 in Axes
   100 | D:1      | Reached XP level 2. HP: 19/19 MP: 2/2
   507 | D:1      | 507 ||| Stepping ~*~*~tactically~*~*~ (stealth).
   512 | D:1      | Reached skill level 3 in Axes
   515 | D:1      | Reached XP level 3. HP: 17/23 MP: 3/3
   678 | D:1      | 678 ||| Stepping ~*~*~tactically~*~*~ (stealth).
   679 | D:1      | 679 ||| Stepping ~*~*~tactically~*~*~ (stealth).
   933 | D:1      | 933 ||| UPGRADING to +2 helmet.
   938 | D:1      | 938 ||| UPGRADING to ring of willpower.
   939 | D:1      | 939 ||| READING scroll labelled AXIT KUKAED.
   962 | D:2      | Found Xegethr Agua's Antique Weapon Emporium.
   967 | D:2      | 967 ||| SHOPLISTING glowing flail (195 gold, have 59).
  1134 | D:2      | 1134 ||| DROPPING +0 club.
  1171 | D:2      | 1171 ||| Stepping ~*~*~tactically~*~*~ (hiding).
  1172 | D:2      | 1172 ||| Stepping ~*~*~tactically~*~*~ (hiding).
  1240 | D:2      | 1240 ||| FLEEEEING.
  1241 | D:2      | 1241 ||| FLEEEEING.
  1242 | D:2      | 1242 ||| FLEEEEING.
  1243 | D:2      | 1243 ||| FLEEEEING.
  1244 | D:2      | 1244 ||| FLEEEEING.
  1245 | D:2      | 1245 ||| FLEEEEING.
  1246 | D:2      | 1246 ||| FLEEEEING.
  1247 | D:2      | 1247 ||| STAIRDANCE
  1267 | D:1      | 1267 ||| UPGRADING to +0 pair of boots.
  1272 | D:1      | 1272 ||| UPGRADING to +0 chain mail.
  1282 | D:1      | 1282 ||| DROPPING +0 scale mail.
  1283 | D:1      | 1283 ||| READING scroll labelled RIWKUCHUIQ.
  1284 | D:1      | 1284 ||| READING scroll labelled KORRAR DIZUT.
  1285 | D:1      | 1285 ||| READING scroll labelled COEGAY ZEWE.
  1286 | D:1      | 1286 ||| READING scroll labelled WISTRA BYRA NASE.
  1293 | D:2      | Reached XP level 4. HP: 28/28 MP: 4/4
  1302 | D:2      | 1302 ||| READING scroll of enchant weapon.
  1302 | D:2      | 1302 ||| ENCHANTING +1 war axe.
  1334 | D:2      | 1334 ||| Stepping ~*~*~tactically~*~*~ (hiding).
  1637 | D:3      | 1637 ||| READING scroll of enchant weapon.
  1637 | D:3      | 1637 ||| ENCHANTING +2 war axe.
  1947 | D:3      | Reached skill level 4 in Axes
  2215 | D:3      | Noticed a phantom
  2224 | D:3      | Killed a phantom
  2225 | D:3      | Reached XP level 5. HP: 20/32 MP: 5/5
  2353 | D:3      | 2353 ||| DROPPING +0 mace.
  2498 | D:3      | 2498 ||| DROPPING +2 heavy flail.
  2506 | D:3      | 2506 ||| DROPPING +3 scale mail.
  2507 | D:3      | 2507 ||| READING scroll labelled HERAHY MOFUU.
  2508 | D:3      | 2508 ||| READING scroll labelled ZITEOH CIERIBO.
  2509 | D:3      | 2509 ||| DRINKING 2 silvery potions.
  2538 | D:4      | Noticed an ogre
  2545 | D:4      | Killed an ogre
  2546 | D:4      | Reached skill level 5 in Axes
  2546 | D:4      | Reached XP level 6. HP: 37/37 MP: 6/6
  2610 | D:4      | 2610 ||| READING scroll of enchant weapon.
  2610 | D:4      | 2610 ||| ENCHANTING +3 war axe.
  2625 | D:4      | 2625 ||| FLEEEEING.
  2764 | D:4      | Found an ancient bone altar of Kikubaaqudgha.
  2765 | D:4      | Found Wuif's Distillery.
  2771 | D:4      | 2771 ||| BUYING potion of curing (36 gold).
  2771 | D:4      | Bought a potion of curing for 36 gold pieces
  2771 | D:4      | 2771 ||| BUYING potion of curing (36 gold).
  2771 | D:4      | Bought a potion of curing for 36 gold pieces
  2771 | D:4      | 2771 ||| BUYING potion of haste (120 gold).
  2771 | D:4      | Bought a potion of haste for 120 gold pieces
  2771 | D:4      | 2771 ||| SHOPLISTING potion of magic (96 gold, have 75).
  2771 | D:4      | 2771 ||| BUYING potion of might (48 gold).
  2771 | D:4      | Bought a potion of might for 48 gold pieces
  2771 | D:4      | 2771 ||| SHOPLISTING potion of might (48 gold, have 27).
  2815 | D:4      | 2815 ||| Stepping ~*~*~tactically~*~*~ (stealth).
  2817 | D:4      | 2817 ||| Stepping ~*~*~tactically~*~*~ (stealth).
  2820 | D:4      | 2820 ||| Stepping ~*~*~tactically~*~*~ (stealth).
  2905 | D:4      | Found a runed translucent gate.
  2905 | D:4      | Found a runed translucent gate.
  2906 | D:4      | Found a runed translucent gate.
  2909 | D:4      | Noticed qw's ghost (amateur GrHu)
  3049 | D:4      | Found a white marble altar of Elyvilon.
  3049 | D:4      | Found a shimmering altar of Xom.
  3086 | D:4      | 3086 ||| READING scroll labelled ZETHIN QIRAHAE.
  3147 | D:5      | Entered Level 5 of the Dungeon
  3151 | D:5      | 3151 ||| STAIRDANCE
  3154 | D:4      | Reached skill level 1 in Throwing
  3213 | D:5      | Found a large runed translucent door.
  3214 | D:5      | Found a large runed translucent door.
  3218 | D:5      | Found a large runed translucent door.
  3219 | D:5      | Found a large runed translucent door.
  3219 | D:5      | Noticed an acid dragon
  3219 | D:5      | Noticed a wraith
  3225 | D:5      | Reached skill level 6 in Axes
  3228 | D:5      | Reached XP level 7. HP: 43/43 MP: 7/7
  3231 | D:5      | Reached skill level 1 in Dodging
  3278 | D:5      | Found a blossoming altar of Fedhas.
  3278 | D:5      | Found a bloodstained altar of Trog.
  3398 | D:5      | Found a staircase to the Ecumenical Temple.
  3399 | D:5      | 3399 ||| PLANNING TEMPLE
  3407 | Temple   | Entered the Ecumenical Temple
  3545 | Temple   | 3545 ||| PLANNING D:1-11
  3846 | D:5      | Noticed Duvessa
  3846 | D:5      | Noticed Dowan
  3850 | D:5      | Killed Dowan
  3858 | D:5      | HP: 9/43 [Duvessa/+0 short sword (3)]
  3859 | D:5      | 3859 ||| DRINKING potion of heal wounds.
  3862 | D:5      | Killed Duvessa
  3863 | D:5      | Reached skill level 7 in Axes
  4055 | D:5      | Reached XP level 8. HP: 28/48 MP: 8/8
  4111 | D:5      | Identified the +9 morningstar of the Unspeakable One {pain,
                  | rElec Str+4}
  4111 | D:5      | Noticed a kobold demonologist
  4118 | D:5      | HP: 3/48 [kobold demonologist/the +9 morningstar of the
                  | Unspeakable One {pain, rElec Str+4} (10)]
  4119 | D:5      | Killed a kobold demonologist
  4120 | D:5      | Reached skill level 6 in Fighting
  4414 | D:5      | Noticed a wraith
  4430 | D:5      | HP: 13/52 [wraith (9)]
  4432 | D:5      | HP: 6/52 [wraith (8)]
  4435 | D:5      | Killed a wraith
  4436 | D:5      | Reached skill level 3 in Throwing
  4606 | D:5      | 4606 ||| Stepping ~*~*~tactically~*~*~ (stealth).
  4607 | D:5      | 4607 ||| Stepping ~*~*~tactically~*~*~ (stealth).
  4608 | D:5      | 4608 ||| Stepping ~*~*~tactically~*~*~ (stealth).
  4609 | D:5      | 4609 ||| Stepping ~*~*~tactically~*~*~ (stealth).
  4669 | D:5      | 4669 ||| UPGRADING to +0 shadow dragon scales.
  4679 | D:5      | 4679 ||| DROPPING +0 chain mail.
  4680 | D:5      | 4680 ||| DRINKING 3 inky potions.
  4719 | D:5      | 4719 ||| READING 3 scrolls of identify.
  4719 | D:5      | 4719 ||| IDENTIFYING yellow potion
  4720 | D:5      | 4720 ||| READING 2 scrolls of identify.
  4720 | D:5      | 4720 ||| IDENTIFYING fizzy white potion
  4721 | D:5      | 4721 ||| DROPPING potion of ambrosia.
  4896 | D:6      | 4896 ||| Stepping ~*~*~tactically~*~*~ (stealth).
  4905 | D:6      | 4905 ||| READING scroll of enchant weapon.
  4905 | D:6      | 4905 ||| ENCHANTING +4 war axe.
  4915 | D:6      | 4915 ||| Stepping ~*~*~tactically~*~*~ (stealth).
  5044 | D:6      | 5044 ||| Stepping ~*~*~tactically~*~*~ (stealth).
  5046 | D:6      | 5046 ||| Stepping ~*~*~tactically~*~*~ (stealth).
  5048 | D:6      | 5048 ||| Stepping ~*~*~tactically~*~*~ (stealth).
  5057 | D:6      | Reached XP level 9. HP: 56/56 MP: 9/9
  5065 | D:6      | 5065 ||| Stepping ~*~*~tactically~*~*~ (stealth).
  5070 | D:6      | Identified the +6 trident "Gompiedgh" {pain, Stlth+}
  5112 | D:6      | Noticed qw's ghost (novice NaHu)
  5113 | D:6      | Found the amulet of the Four Winds {rN+ Will+++ Clar}
  5162 | D:6      | Found a transporter.
  5163 | D:6      | 5163 ||| Stepping ~*~*~tactically~*~*~ (stealth).
  5164 | D:6      | Found a transporter.
  5165 | D:6      | 5165 ||| Stepping ~*~*~tactically~*~*~ (stealth).
  5166 | D:6      | 5166 ||| Stepping ~*~*~tactically~*~*~ (stealth).
  5167 | D:6      | 5167 ||| Stepping ~*~*~tactically~*~*~ (stealth).
  5202 | D:6      | 5202 ||| Stepping ~*~*~tactically~*~*~ (stealth).
  5204 | D:6      | 5204 ||| Stepping ~*~*~tactically~*~*~ (stealth).
  5339 | D:6      | Found Pehusch's Book Shop.
  5464 | D:6      | 5464 ||| READING 2 scrolls of identify.
  5464 | D:6      | 5464 ||| IDENTIFYING cyan potion
  5481 | D:7      | Reached skill level 8 in Axes
  5498 | D:7      | 5498 ||| Stepping ~*~*~tactically~*~*~ (stealth).
  5501 | D:7      | 5501 ||| Stepping ~*~*~tactically~*~*~ (stealth).
  5504 | D:7      | 5504 ||| Stepping ~*~*~tactically~*~*~ (stealth).
  5506 | D:7      | 5506 ||| Stepping ~*~*~tactically~*~*~ (stealth).
  5508 | D:7      | 5508 ||| Stepping ~*~*~tactically~*~*~ (stealth).
  5510 | D:7      | 5510 ||| Stepping ~*~*~tactically~*~*~ (stealth).
  5512 | D:7      | 5512 ||| Stepping ~*~*~tactically~*~*~ (stealth).
  5514 | D:7      | 5514 ||| Stepping ~*~*~tactically~*~*~ (stealth).
  5717 | D:7      | 5717 ||| Stepping ~*~*~tactically~*~*~ (stealth).
  5719 | D:7      | 5719 ||| Stepping ~*~*~tactically~*~*~ (stealth).
  5721 | D:7      | 5721 ||| Stepping ~*~*~tactically~*~*~ (stealth).
  5724 | D:7      | 5724 ||| Stepping ~*~*~tactically~*~*~ (hiding).
  5725 | D:7      | 5725 ||| Stepping ~*~*~tactically~*~*~ (hiding).
  5726 | D:7      | 5726 ||| Stepping ~*~*~tactically~*~*~ (hiding).
  5770 | D:7      | 5770 ||| Stepping ~*~*~tactically~*~*~ (stealth).
  5771 | D:7      | 5771 ||| FLEEEEING.
  5772 | D:7      | 5772 ||| FLEEEEING.
  5773 | D:7      | 5773 ||| FLEEEEING.
  5774 | D:7      | 5774 ||| FLEEEEING.
  6112 | D:7      | 6112 ||| Stepping ~*~*~tactically~*~*~ (stealth).
  6114 | D:7      | 6114 ||| Stepping ~*~*~tactically~*~*~ (stealth).
  6123 | D:7      | Reached skill level 9 in Axes
  6173 | D:7      | 6173 ||| DROPPING +0 morningstar.
  6271 | D:7      | 6271 ||| Stepping ~*~*~tactically~*~*~ (stealth).
  6273 | D:7      | 6273 ||| Stepping ~*~*~tactically~*~*~ (stealth).
  6275 | D:7      | 6275 ||| Stepping ~*~*~tactically~*~*~ (stealth).
  6387 | D:7      | Reached skill level 6 in Armour
  6387 | D:7      | 6387 ||| Stepping ~*~*~tactically~*~*~ (cloud).
  6581 | D:7      | 6581 ||| READING scroll labelled KIFRID OKHLU.
  6582 | D:7      | 6582 ||| READING scroll labelled BAASAHO WIOGYA.
  6732 | D:8      | 6732 ||| Stepping ~*~*~tactically~*~*~ (stealth).
  6734 | D:8      | 6734 ||| Stepping ~*~*~tactically~*~*~ (stealth).
  6736 | D:8      | 6736 ||| Stepping ~*~*~tactically~*~*~ (stealth).
  6738 | D:8      | 6738 ||| Stepping ~*~*~tactically~*~*~ (stealth).
  6776 | D:8      | Found a burning altar of Makhleb.
  6776 | D:8      | Noticed a cacodemon
  6779 | D:8      | Noticed an orange demon
  6872 | D:8      | 6872 ||| Stepping ~*~*~tactically~*~*~ (stealth).
  6887 | D:8      | 6887 ||| Stepping ~*~*~tactically~*~*~ (stealth).
  6890 | D:8      | 6890 ||| Stepping ~*~*~tactically~*~*~ (stealth).
  6892 | D:8      | 6892 ||| Stepping ~*~*~tactically~*~*~ (stealth).
  6900 | D:8      | Reached XP level 10. HP: 63/63 MP: 10/10
  6904 | D:8      | Reached skill level 10 in Axes
  6925 | D:8      | 6925 ||| Stepping ~*~*~tactically~*~*~ (stealth).
  6986 | D:8      | 6986 ||| Stepping ~*~*~tactically~*~*~ (hiding).
  7125 | D:8      | 7125 ||| READING scroll of enchant weapon.
  7125 | D:8      | 7125 ||| ENCHANTING +5 war axe of freezing.
  7147 | D:8      | Noticed a two-headed ogre
  7148 | D:8      | 7148 ||| Stepping ~*~*~tactically~*~*~ (stealth).
  7150 | D:8      | 7150 ||| Stepping ~*~*~tactically~*~*~ (stealth).
  7156 | D:8      | Killed a two-headed ogre
  7185 | D:8      | 7185 ||| Stepping ~*~*~tactically~*~*~ (stealth).
  7245 | D:8      | 7245 ||| Stepping ~*~*~tactically~*~*~ (stealth).
  7247 | D:8      | 7247 ||| Stepping ~*~*~tactically~*~*~ (stealth).
  7249 | D:8      | 7249 ||| Stepping ~*~*~tactically~*~*~ (stealth).
  7298 | D:8      | 7298 ||| Stepping ~*~*~tactically~*~*~ (stealth).
  7300 | D:8      | 7300 ||| Stepping ~*~*~tactically~*~*~ (stealth).
  7338 | D:8      | Noticed Psyche
  7354 | D:8      | Killed Psyche
  7355 | D:8      | Reached skill level 11 in Axes
  7987 | D:8      | 7987 ||| UPGRADING to +0 pair of gloves.
  7992 | D:8      | 7992 ||| READING scroll labelled ZOVAIG ILAQINU.
  8087 | D:9      | Found a staircase to the Lair.
  8096 | D:9      | 8096 ||| Stepping ~*~*~tactically~*~*~ (stealth).
  8098 | D:9      | 8098 ||| Stepping ~*~*~tactically~*~*~ (hiding).
  8232 | D:9      | 8232 ||| FLEEEEING.
  8233 | D:9      | 8233 ||| FLEEEEING.
  8234 | D:9      | 8234 ||| Stepping ~*~*~tactically~*~*~ (hiding).
  8292 | D:9      | Reached XP level 11. HP: 63/69 MP: 11/11
  8296 | D:9      | Reached skill level 9 in Fighting
  8351 | D:9      | 8351 ||| Stepping ~*~*~tactically~*~*~ (stealth).
  8353 | D:9      | 8353 ||| Stepping ~*~*~tactically~*~*~ (stealth).
  8355 | D:9      | 8355 ||| Stepping ~*~*~tactically~*~*~ (stealth).
  8357 | D:9      | 8357 ||| Stepping ~*~*~tactically~*~*~ (stealth).
  8359 | D:9      | 8359 ||| Stepping ~*~*~tactically~*~*~ (stealth).
  8361 | D:9      | 8361 ||| Stepping ~*~*~tactically~*~*~ (stealth).
  8382 | D:9      | 8382 ||| Stepping ~*~*~tactically~*~*~ (stealth).
  8384 | D:9      | 8384 ||| Stepping ~*~*~tactically~*~*~ (stealth).
  8386 | D:9      | 8386 ||| Stepping ~*~*~tactically~*~*~ (stealth).
  8387 | D:9      | 8387 ||| Stepping ~*~*~tactically~*~*~ (stealth).
  8389 | D:9      | 8389 ||| Stepping ~*~*~tactically~*~*~ (stealth).
  8390 | D:9      | 8390 ||| Stepping ~*~*~tactically~*~*~ (stealth).
  8439 | D:9      | 8439 ||| Stepping ~*~*~tactically~*~*~ (stealth).
  8440 | D:9      | 8440 ||| Stepping ~*~*~tactically~*~*~ (stealth).
  8443 | D:9      | 8443 ||| Stepping ~*~*~tactically~*~*~ (stealth).
  8477 | D:9      | 8477 ||| Stepping ~*~*~tactically~*~*~ (stealth).
  8486 | D:9      | 8486 ||| Stepping ~*~*~tactically~*~*~ (stealth).
  8487 | D:9      | 8487 ||| Stepping ~*~*~tactically~*~*~ (stealth).
  8488 | D:9      | 8488 ||| Stepping ~*~*~tactically~*~*~ (stealth).
  8489 | D:9      | 8489 ||| Stepping ~*~*~tactically~*~*~ (stealth).
  8519 | D:9      | Reached skill level 9 in Armour
  8705 | D:9      | Noticed Maggie
  8706 | D:9      | 8706 ||| Stepping ~*~*~tactically~*~*~ (stealth).
  8708 | D:9      | 8708 ||| Stepping ~*~*~tactically~*~*~ (stealth).
  8710 | D:9      | 8710 ||| Stepping ~*~*~tactically~*~*~ (stealth).
  8712 | D:9      | 8712 ||| Stepping ~*~*~tactically~*~*~ (stealth).
  8714 | D:9      | 8714 ||| Stepping ~*~*~tactically~*~*~ (stealth).
  8716 | D:9      | 8716 ||| Stepping ~*~*~tactically~*~*~ (stealth).
  8724 | D:9      | Killed Maggie
  8939 | D:9      | Found an iron altar of Okawaru.
  8940 | D:9      | 8940 ||| PLANNING OKAWARU WORSHIP
  8940 | D:9      | 8940 ||| READING scroll labelled GOUXTU JUOPUAG.
  8941 | D:9      | 8941 ||| READING 2 scrolls of identify.
  8941 | D:9      | 8941 ||| IDENTIFYING viscous golden potion
  8942 | D:9      | 8942 ||| DROPPING potion of degeneration.
  8950 | D:9      | Became a worshipper of Warmaster Okawaru
  8951 | D:9      | 8951 ||| PLANNING D:1-11
  9058 | D:9      | Found Ceigiofo's Jewellery Shoppe.
  9060 | D:9      | 9060 ||| SHOPLISTING +5 ring of evasion (540 gold, have
                  | 329).
  9060 | D:9      | 9060 ||| SHOPLISTING amulet of faith (600 gold, have 329).
  9060 | D:9      | 9060 ||| SHOPLISTING amulet of regeneration (450 gold, have
                  | 329).
  9060 | D:9      | 9060 ||| SHOPLISTING ring of protection from cold (375
                  | gold, have 329).
  9135 | D:9      | 9135 ||| Stepping ~*~*~tactically~*~*~ (stealth).
  9159 | D:9      | 9159 ||| Stepping ~*~*~tactically~*~*~ (stealth).
  9161 | D:9      | 9161 ||| Stepping ~*~*~tactically~*~*~ (stealth).
  9163 | D:9      | 9163 ||| Stepping ~*~*~tactically~*~*~ (stealth).
  9165 | D:9      | 9165 ||| Stepping ~*~*~tactically~*~*~ (stealth).
  9305 | D:9      | Reached * piety under Okawaru
  9307 | D:9      | 9307 ||| PLANNING LAIR
  9351 | Lair:1   | Entered Level 1 of the Lair of Beasts
  9354 | Lair:1   | 9354 ||| INVOKING Heroism.
  9383 | Lair:1   | Reached skill level 12 in Axes
  9389 | Lair:1   | Reached skill level 1 in Invocations
  9389 | Lair:1   | 9389 ||| INVOKING Heroism.
  9429 | Lair:1   | 9429 ||| FLEEEEING.
  9430 | Lair:1   | 9430 ||| FLEEEEING.
  9431 | Lair:1   | 9431 ||| STAIRDANCE
  9484 | D:9      | 9484 ||| Stepping ~*~*~tactically~*~*~ (stealth).
  9485 | D:9      | 9485 ||| Stepping ~*~*~tactically~*~*~ (stealth).
  9551 | Lair:1   | 9551 ||| INVOKING Heroism.
  9571 | Lair:1   | 9571 ||| STAIRDANCE
  9635 | Lair:1   | Reached skill level 6 in Shields
  9761 | Lair:1   | 9761 ||| Stepping ~*~*~tactically~*~*~ (stealth).
  9763 | Lair:1   | 9763 ||| Stepping ~*~*~tactically~*~*~ (stealth).
  9765 | Lair:1   | 9765 ||| Stepping ~*~*~tactically~*~*~ (stealth).
  9767 | Lair:1   | 9767 ||| Stepping ~*~*~tactically~*~*~ (stealth).
  9881 | Lair:1   | 9881 ||| Stepping ~*~*~tactically~*~*~ (stealth).
  9883 | Lair:1   | 9883 ||| Stepping ~*~*~tactically~*~*~ (stealth).
  9894 | Lair:1   | Reached skill level 3 in Invocations
 10002 | Lair:1   | 10002 ||| INVOKING Heroism.
 10073 | Lair:1   | 10073 ||| Stepping ~*~*~tactically~*~*~ (stealth).
 10080 | Lair:1   | 10080 ||| INVOKING Heroism.
 10167 | Lair:1   | 10167 ||| Stepping ~*~*~tactically~*~*~ (stealth).
 10170 | Lair:1   | 10170 ||| Stepping ~*~*~tactically~*~*~ (stealth).
 10178 | Lair:1   | Reached ** piety under Okawaru
 10283 | Lair:1   | 10283 ||| READING scroll of enchant armour.
 10283 | Lair:1   | 10283 ||| ENCHANTING +0 pair of gloves.
 10304 | Lair:1   | Reached XP level 12. HP: 77/77 MP: 15/15
 10484 | Lair:2   | 10484 ||| Stepping ~*~*~tactically~*~*~ (stealth).
 10485 | Lair:2   | 10485 ||| Stepping ~*~*~tactically~*~*~ (stealth).
 10505 | Lair:2   | 10505 ||| Stepping ~*~*~tactically~*~*~ (stealth).
 10507 | Lair:2   | 10507 ||| Stepping ~*~*~tactically~*~*~ (stealth).
 10612 | Lair:2   | 10612 ||| FLEEEEING.
 10613 | Lair:2   | 10613 ||| FLEEEEING.
 10668 | Lair:2   | Reached *** piety under Okawaru
 10669 | Lair:2   | 10669 ||| INVOKING Heroism.
 10673 | Lair:2   | Reached skill level 13 in Axes
 10809 | Lair:2   | 10809 ||| Stepping ~*~*~tactically~*~*~ (stealth).
 10813 | Lair:2   | 10813 ||| Stepping ~*~*~tactically~*~*~ (stealth).
 10815 | Lair:2   | 10815 ||| Stepping ~*~*~tactically~*~*~ (stealth).
 10817 | Lair:2   | 10817 ||| Stepping ~*~*~tactically~*~*~ (stealth).
 10819 | Lair:2   | 10819 ||| Stepping ~*~*~tactically~*~*~ (stealth).
 10821 | Lair:2   | 10821 ||| Stepping ~*~*~tactically~*~*~ (stealth).
 10823 | Lair:2   | 10823 ||| Stepping ~*~*~tactically~*~*~ (hiding).
 10824 | Lair:2   | 10824 ||| Stepping ~*~*~tactically~*~*~ (hiding).
 10879 | Lair:2   | 10879 ||| Stepping ~*~*~tactically~*~*~ (stealth).
 10882 | Lair:2   | 10882 ||| Stepping ~*~*~tactically~*~*~ (stealth).
 10884 | Lair:2   | 10884 ||| Stepping ~*~*~tactically~*~*~ (stealth).
 10886 | Lair:2   | 10886 ||| Stepping ~*~*~tactically~*~*~ (stealth).
 10888 | Lair:2   | 10888 ||| Stepping ~*~*~tactically~*~*~ (stealth).
 10890 | Lair:2   | 10890 ||| Stepping ~*~*~tactically~*~*~ (stealth).
 10892 | Lair:2   | 10892 ||| Stepping ~*~*~tactically~*~*~ (stealth).
 10903 | Lair:2   | 10903 ||| INVOKING Heroism.
 11011 | Lair:2   | 11011 ||| Stepping ~*~*~tactically~*~*~ (stealth).
 11013 | Lair:2   | 11013 ||| Stepping ~*~*~tactically~*~*~ (stealth).
 11043 | Lair:2   | 11043 ||| Stepping ~*~*~tactically~*~*~ (stealth).
 11097 | Lair:2   | 11097 ||| Stepping ~*~*~tactically~*~*~ (stealth).
 11099 | Lair:2   | 11099 ||| Stepping ~*~*~tactically~*~*~ (stealth).
 11132 | Lair:2   | 11132 ||| Stepping ~*~*~tactically~*~*~ (stealth).
 11253 | Lair:2   | 11253 ||| Stepping ~*~*~tactically~*~*~ (stealth).
 11254 | Lair:2   | 11254 ||| INVOKING Heroism.
 11271 | Lair:2   | Received a gift from Okawaru
 11747 | Lair:2   | 11747 ||| READING 4 scrolls of identify.
 11747 | Lair:2   | 11747 ||| IDENTIFYING black potion
 11748 | Lair:2   | 11748 ||| READING 3 scrolls of identify.
 11748 | Lair:2   | 11748 ||| IDENTIFYING viscous coppery potion
 11749 | Lair:2   | 11749 ||| DROPPING potion of enlightenment.
 11802 | Lair:3   | 11802 ||| INVOKING Heroism.
 11902 | Lair:3   | Reached **** piety under Okawaru
 11902 | Lair:3   | Received a gift from Okawaru
 11951 | Lair:3   | 11951 ||| Stepping ~*~*~tactically~*~*~ (stealth).
 11987 | Lair:3   | Received a gift from Okawaru
 12010 | Lair:3   | 12010 ||| INVOKING Heroism.
 12063 | Lair:3   | 12063 ||| INVOKING Heroism.
 12117 | Lair:3   | Reached skill level 14 in Axes
 12151 | Lair:3   | 12151 ||| Stepping ~*~*~tactically~*~*~ (stealth).
 12153 | Lair:3   | 12153 ||| INVOKING Heroism.
 12253 | Lair:3   | 12253 ||| INVOKING Heroism.
 12259 | Lair:3   | Reached XP level 13. HP: 82/82 MP: 13/16
 12267 | Lair:3   | 12267 ||| Stepping ~*~*~tactically~*~*~ (stealth).
 12349 | Lair:3   | 12349 ||| Stepping ~*~*~tactically~*~*~ (stealth).
 12351 | Lair:3   | Found a staircase to the Snake Pit.
 12363 | Lair:3   | Reached skill level 6 in Invocations
 12441 | Lair:3   | Found a staircase to the Shoals.
 12443 | Lair:3   | 12443 ||| INVOKING Heroism.
 12456 | Lair:3   | Received a gift from Okawaru
 12571 | Lair:3   | Found a large runed translucent door.
 12572 | Lair:3   | Found a large runed translucent door.
 12721 | Lair:3   | Noticed qw's ghost (journeyman GrHu)
 12821 | Lair:3   | 12821 ||| Stepping ~*~*~tactically~*~*~ (stealth).
 12823 | Lair:3   | 12823 ||| Stepping ~*~*~tactically~*~*~ (stealth).
 12825 | Lair:3   | 12825 ||| Stepping ~*~*~tactically~*~*~ (stealth).
 13032 | Lair:3   | 13032 ||| READING scroll labelled AVASOXT MEAPT.
 13033 | Lair:3   | 13033 ||| READING 2 scrolls of identify.
 13033 | Lair:3   | 13033 ||| IDENTIFYING puce potion
 13034 | Lair:3   | 13034 ||| DROPPING potion of brilliance.
 13055 | Lair:4   | 13055 ||| Stepping ~*~*~tactically~*~*~ (stealth).
 13060 | Lair:4   | 13060 ||| INVOKING Heroism.
 13120 | Lair:4   | 13120 ||| INVOKING Heroism.
 13126 | Lair:4   | 13126 ||| SWAPPING to +9 morningstar of the Unspeakable One
                  | {pain, rElec Str+4}.
 13171 | Lair:4   | 13171 ||| UPGRADING to +6 war axe of freezing.
 13204 | Lair:4   | Reached ***** piety under Okawaru
 13222 | Lair:4   | Found a runed translucent door.
 13223 | Lair:4   | Found a viscous altar of Jiyva.
 13243 | Lair:4   | 13243 ||| Stepping ~*~*~tactically~*~*~ (stealth).
 13244 | Lair:4   | 13244 ||| Stepping ~*~*~tactically~*~*~ (stealth).
 13245 | Lair:4   | 13245 ||| Stepping ~*~*~tactically~*~*~ (stealth).
 13307 | Lair:4   | 13307 ||| INVOKING Heroism.
 13549 | Lair:4   | 13549 ||| Stepping ~*~*~tactically~*~*~ (stealth).
 13552 | Lair:4   | 13552 ||| Stepping ~*~*~tactically~*~*~ (stealth).
 13553 | Lair:4   | 13553 ||| INVOKING Heroism.
 13564 | Lair:4   | 13564 ||| Stepping ~*~*~tactically~*~*~ (stealth).
 13571 | Lair:4   | 13571 ||| Stepping ~*~*~tactically~*~*~ (stealth).
 13575 | Lair:4   | Received a gift from Okawaru
 13722 | Lair:4   | 13722 ||| READING scroll of enchant weapon.
 13722 | Lair:4   | 13722 ||| ENCHANTING +6 war axe of freezing.
 13903 | Lair:4   | Found a staircase to the Slime Pits.
 14010 | Lair:4   | 14010 ||| UPGRADING to +6 ring of dexterity.
 14036 | Lair:5   | Entered Level 5 of the Lair of Beasts
 14037 | Lair:5   | 14037 ||| Stepping ~*~*~tactically~*~*~ (stealth).
 14038 | Lair:5   | 14038 ||| Stepping ~*~*~tactically~*~*~ (stealth).
 14039 | Lair:5   | 14039 ||| Stepping ~*~*~tactically~*~*~ (stealth).
 14075 | Lair:5   | Received a gift from Okawaru
 14079 | Lair:5   | 14079 ||| Stepping ~*~*~tactically~*~*~ (stealth).
 14080 | Lair:5   | 14080 ||| Stepping ~*~*~tactically~*~*~ (stealth).
 14081 | Lair:5   | 14081 ||| Stepping ~*~*~tactically~*~*~ (stealth).
 14082 | Lair:5   | 14082 ||| Stepping ~*~*~tactically~*~*~ (stealth).
 14095 | Lair:5   | 14095 ||| INVOKING Heroism.
 14106 | Lair:5   | Reached skill level 3 in Dodging
 14106 | Lair:5   | Reached skill level 9 in Invocations
 14117 | Lair:5   | 14117 ||| INVOKING Heroism.
 14143 | Lair:5   | 14143 ||| Stepping ~*~*~tactically~*~*~ (stealth).
 14144 | Lair:5   | 14144 ||| INVOKING Finesse.
 14145 | Lair:5   | 14145 ||| INVOKING Finesse.
 14148 | Lair:5   | 14148 ||| SWAPPING to +9 morningstar of the Unspeakable One
                  | {pain, rElec Str+4}.
 14188 | Lair:5   | Gained mutation: Your large and strong wings let you fly.
                  | [Gargoyle growth]
 14188 | Lair:5   | Reached XP level 14. HP: 70/90 MP: 18/21
 14239 | Lair:5   | 14239 ||| Stepping ~*~*~tactically~*~*~ (stealth).
 14260 | Lair:5   | 14260 ||| UPGRADING to +7 war axe of freezing.
 14400 | Lair:5   | 14400 ||| Stepping ~*~*~tactically~*~*~ (stealth).
 14408 | Lair:5   | 14408 ||| INVOKING Heroism.
 14409 | Lair:5   | 14409 ||| INVOKING Finesse.
 14548 | Lair:5   | Reached skill level 15 in Axes
 14572 | Lair:5   | 14572 ||| Stepping ~*~*~tactically~*~*~ (stealth).
 14574 | Lair:5   | 14574 ||| Stepping ~*~*~tactically~*~*~ (stealth).
 14576 | Lair:5   | 14576 ||| Stepping ~*~*~tactically~*~*~ (stealth).
 14578 | Lair:5   | 14578 ||| Stepping ~*~*~tactically~*~*~ (stealth).
 14614 | Lair:5   | 14614 ||| Stepping ~*~*~tactically~*~*~ (stealth).
 14625 | Lair:5   | 14625 ||| INVOKING Heroism.
 14626 | Lair:5   | 14626 ||| INVOKING Finesse.
 14967 | Lair:5   | 14967 ||| INVOKING Heroism.
 14968 | Lair:5   | 14968 ||| INVOKING Finesse.
 14981 | Lair:5   | Received a gift from Okawaru
 15004 | Lair:5   | Reached skill level 12 in Fighting
 15004 | Lair:5   | 15004 ||| Stepping ~*~*~tactically~*~*~ (stealth).
 15008 | Lair:5   | 15008 ||| Stepping ~*~*~tactically~*~*~ (stealth).
 15009 | Lair:5   | 15009 ||| Stepping ~*~*~tactically~*~*~ (stealth).
 15102 | Lair:5   | 15102 ||| Stepping ~*~*~tactically~*~*~ (stealth).
 15104 | Lair:5   | 15104 ||| Stepping ~*~*~tactically~*~*~ (stealth).
 15105 | Lair:5   | 15105 ||| Stepping ~*~*~tactically~*~*~ (stealth).
 15107 | Lair:5   | 15107 ||| Stepping ~*~*~tactically~*~*~ (stealth).
 15108 | Lair:5   | 15108 ||| Stepping ~*~*~tactically~*~*~ (stealth).
 15109 | Lair:5   | 15109 ||| Stepping ~*~*~tactically~*~*~ (stealth).
 15111 | Lair:5   | 15111 ||| INVOKING Heroism.
 15112 | Lair:5   | 15112 ||| INVOKING Finesse.
 15139 | Lair:5   | 15139 ||| Stepping ~*~*~tactically~*~*~ (stealth).
 15164 | Lair:5   | 15164 ||| Stepping ~*~*~tactically~*~*~ (stealth).
 15166 | Lair:5   | 15166 ||| Stepping ~*~*~tactically~*~*~ (stealth).
 15173 | Lair:5   | 15173 ||| Stepping ~*~*~tactically~*~*~ (stealth).
 15174 | Lair:5   | 15174 ||| Stepping ~*~*~tactically~*~*~ (stealth).
 15187 | Lair:5   | 15187 ||| Stepping ~*~*~tactically~*~*~ (stealth).
 15324 | Lair:5   | 15324 ||| INVOKING Heroism.
 15325 | Lair:5   | 15325 ||| INVOKING Finesse.
 15397 | Lair:5   | 15397 ||| PLANNING D:1-11
 15397 | Lair:5   | 15397 ||| UPGRADING to ring of willpower.
 15508 | D:10     | Entered Level 10 of the Dungeon
 15570 | D:10     | Found Avomyave's CLEARANCE SALE!.
 15578 | D:10     | 15578 ||| BUYING scroll of teleportation (15 gold).
 15578 | D:10     | Bought a scroll of teleportation for 15 gold pieces
 15595 | D:10     | 15595 ||| Stepping ~*~*~tactically~*~*~ (stealth).
 15610 | D:10     | Found a staircase to the Orcish Mines.
 15773 | D:10     | Found an ornate altar of the Wu Jian Council.
 15832 | D:10     | Found a sparkling altar of Nemelex Xobeh.
 16236 | D:11     | 16236 ||| Stepping ~*~*~tactically~*~*~ (stealth).
 16238 | D:11     | 16238 ||| Stepping ~*~*~tactically~*~*~ (stealth).
 16240 | D:11     | 16240 ||| Stepping ~*~*~tactically~*~*~ (stealth).
 16242 | D:11     | 16242 ||| Stepping ~*~*~tactically~*~*~ (stealth).
 16244 | D:11     | 16244 ||| Stepping ~*~*~tactically~*~*~ (stealth).
 16246 | D:11     | 16246 ||| Stepping ~*~*~tactically~*~*~ (stealth).
 16248 | D:11     | 16248 ||| Stepping ~*~*~tactically~*~*~ (stealth).
 16250 | D:11     | 16250 ||| Stepping ~*~*~tactically~*~*~ (stealth).
 16252 | D:11     | 16252 ||| Stepping ~*~*~tactically~*~*~ (stealth).
 16254 | D:11     | 16254 ||| Stepping ~*~*~tactically~*~*~ (stealth).
 16256 | D:11     | 16256 ||| Stepping ~*~*~tactically~*~*~ (stealth).
 16258 | D:11     | 16258 ||| Stepping ~*~*~tactically~*~*~ (hiding).
 16264 | D:11     | 16264 ||| Stepping ~*~*~tactically~*~*~ (hiding).
 16279 | D:11     | 16279 ||| Stepping ~*~*~tactically~*~*~ (hiding).
 16287 | D:11     | Received a gift from Okawaru
 16365 | D:11     | 16365 ||| Stepping ~*~*~tactically~*~*~ (stealth).
 16367 | D:11     | 16367 ||| Stepping ~*~*~tactically~*~*~ (stealth).
 16510 | D:11     | 16510 ||| Stepping ~*~*~tactically~*~*~ (stealth).
 16512 | D:11     | 16512 ||| Stepping ~*~*~tactically~*~*~ (stealth).
 16514 | D:11     | 16514 ||| Stepping ~*~*~tactically~*~*~ (stealth).
 16516 | D:11     | 16516 ||| INVOKING Heroism.
 16517 | D:11     | 16517 ||| INVOKING Finesse.
 16662 | D:11     | Found a frozen archway.
 16671 | D:11     | Received a gift from Okawaru
 16824 | D:11     | 16824 ||| READING scroll of enchant armour.
 16824 | D:11     | 16824 ||| ENCHANTING +1 pair of gloves.
 17049 | D:11     | Found a runed translucent door.
 17224 | D:11     | 17224 ||| UPGRADING to ring of see invisible.
 17226 | D:11     | 17226 ||| PLANNING D
 17226 | D:11     | 17226 ||| DROPPING +6 ring of intelligence.
 17261 | D:12     | Reached skill level 16 in Axes
 17262 | D:12     | 17262 ||| Stepping ~*~*~tactically~*~*~ (stealth).
 17269 | D:12     | Noticed Kirke
 17270 | D:12     | 17270 ||| Stepping ~*~*~tactically~*~*~ (stealth).
 17271 | D:12     | 17271 ||| INVOKING Heroism.
 17272 | D:12     | 17272 ||| INVOKING Finesse.
 17289 | D:12     | Noticed a sphinx
 17291 | D:12     | Killed Kirke
 17291 | D:12     | Received a gift from Okawaru
 17292 | D:12     | Reached XP level 15. HP: 96/96 MP: 15/22
 17293 | D:12     | Noticed Snorg
 17302 | D:12     | Killed Snorg
 17304 | D:12     | 17304 ||| Stepping ~*~*~tactically~*~*~ (hiding).
 17345 | D:12     | 17345 ||| Stepping ~*~*~tactically~*~*~ (stealth).
 17347 | D:12     | 17347 ||| Stepping ~*~*~tactically~*~*~ (stealth).
 17379 | D:12     | Found Vuemness's Antique Weapon Boutique.
 17383 | D:12     | 17383 ||| READING scroll of enchant weapon.
 17383 | D:12     | 17383 ||| ENCHANTING +7 war axe of freezing.
 17389 | D:12     | 17389 ||| Stepping ~*~*~tactically~*~*~ (stealth).
 17391 | D:12     | 17391 ||| Stepping ~*~*~tactically~*~*~ (stealth).
 17398 | D:12     | Noticed Nergalle
 17400 | D:12     | 17400 ||| Stepping ~*~*~tactically~*~*~ (hiding).
 17401 | D:12     | 17401 ||| Stepping ~*~*~tactically~*~*~ (hiding).
 17415 | D:12     | Killed Nergalle
 17415 | D:12     | Identified the +7 broad axe of Sloth {flame, rF- Will+
                  | Stlth+} (Okawaru gifted it to you on level 12 of the
                  | Dungeon)
 17415 | D:12     | Received a gift from Okawaru
 17427 | D:12     | 17427 ||| DROPPING +9 morningstar of the Unspeakable One
                  | {pain, rElec Str+4}.
 17428 | D:12     | 17428 ||| DROPPING +1 morningstar of holy wrath.
 17429 | D:12     | 17429 ||| DROPPING +2 flail of holy wrath.
 17430 | D:12     | 17430 ||| UPGRADING to +7 broad axe of Sloth {flame, rF-
                  | Will+ Stlth+}.
 17435 | D:12     | 17435 ||| BUYING runed war axe (221 gold).
 17435 | D:12     | Bought a runed war axe for 221 gold pieces
 17435 | D:12     | 17435 ||| DROPPING +2 heavy war axe.
 17456 | D:12     | 17456 ||| Stepping ~*~*~tactically~*~*~ (stealth).
 17536 | D:12     | Reached skill level 12 in Armour
 17794 | D:12     | 17794 ||| UPGRADING to ring of ice.
 17811 | D:13     | 17811 ||| Stepping ~*~*~tactically~*~*~ (stealth).
 17813 | D:13     | 17813 ||| INVOKING Heroism.
 17852 | D:13     | 17852 ||| Stepping ~*~*~tactically~*~*~ (stealth).
 17854 | D:13     | 17854 ||| Stepping ~*~*~tactically~*~*~ (stealth).
 17856 | D:13     | 17856 ||| Stepping ~*~*~tactically~*~*~ (stealth).
 17858 | D:13     | 17858 ||| Stepping ~*~*~tactically~*~*~ (stealth).
 17863 | D:13     | 17863 ||| Stepping ~*~*~tactically~*~*~ (stealth).
 17865 | D:13     | 17865 ||| Stepping ~*~*~tactically~*~*~ (stealth).
 17867 | D:13     | 17867 ||| Stepping ~*~*~tactically~*~*~ (stealth).
 17869 | D:13     | 17869 ||| Stepping ~*~*~tactically~*~*~ (stealth).
 17871 | D:13     | 17871 ||| Stepping ~*~*~tactically~*~*~ (stealth).
 17873 | D:13     | 17873 ||| Stepping ~*~*~tactically~*~*~ (stealth).
 17875 | D:13     | 17875 ||| Stepping ~*~*~tactically~*~*~ (stealth).
 17877 | D:13     | 17877 ||| Stepping ~*~*~tactically~*~*~ (stealth).
 17910 | D:13     | 17910 ||| Stepping ~*~*~tactically~*~*~ (stealth).
 17912 | D:13     | 17912 ||| Stepping ~*~*~tactically~*~*~ (stealth).
 17954 | D:13     | Found a shadowy altar of Dithmenos.
 17976 | D:13     | 17976 ||| INVOKING Heroism.
 18002 | D:13     | 18002 ||| Stepping ~*~*~tactically~*~*~ (stealth).
 18084 | D:13     | 18084 ||| Stepping ~*~*~tactically~*~*~ (stealth).
 18087 | D:13     | 18087 ||| Stepping ~*~*~tactically~*~*~ (stealth).
 18088 | D:13     | 18088 ||| INVOKING Heroism.
 18119 | D:13     | Received a gift from Okawaru
 18215 | D:13     | 18215 ||| Stepping ~*~*~tactically~*~*~ (stealth).
 18252 | D:13     | Found a gate to the Vaults.
 18254 | D:13     | 18254 ||| FLEEEEING.
 18255 | D:13     | 18255 ||| FLEEEEING.
 18256 | D:13     | 18256 ||| FLEEEEING.
 18257 | D:13     | 18257 ||| FLEEEEING.
 18258 | D:13     | 18258 ||| FLEEEEING.
 18259 | D:13     | 18259 ||| FLEEEEING.
 18260 | D:13     | 18260 ||| FLEEEEING.
 18261 | D:13     | 18261 ||| FLEEEEING.
 18262 | D:13     | 18262 ||| FLEEEEING.
 18263 | D:13     | 18263 ||| FLEEEEING.
 18277 | D:13     | 18277 ||| FLEEEEING.
 18278 | D:13     | 18278 ||| FLEEEEING.
 18279 | D:13     | 18279 ||| FLEEEEING.
 18280 | D:13     | 18280 ||| FLEEEEING.
 18281 | D:13     | 18281 ||| FLEEEEING.
 18283 | D:13     | 18283 ||| Stepping ~*~*~tactically~*~*~ (hiding).
 18417 | D:13     | 18417 ||| Stepping ~*~*~tactically~*~*~ (stealth).
 18419 | D:13     | 18419 ||| Stepping ~*~*~tactically~*~*~ (stealth).
 18421 | D:13     | 18421 ||| Stepping ~*~*~tactically~*~*~ (stealth).
 18423 | D:13     | 18423 ||| Stepping ~*~*~tactically~*~*~ (stealth).
 18440 | D:13     | 18440 ||| Stepping ~*~*~tactically~*~*~ (stealth).
 18547 | D:13     | Identified the +6 mace of Departure {flame, Int+3 SInv}
 18576 | D:13     | 18576 ||| INVOKING Heroism.
 18771 | D:13     | Identified the staff of death "Bytuhis" {rPois rF+ rN+
                  | MP+9}
 18937 | D:13     | 18937 ||| Stepping ~*~*~tactically~*~*~ (stealth).
 18939 | D:13     | 18939 ||| Stepping ~*~*~tactically~*~*~ (stealth).
 19046 | D:14     | Received a gift from Okawaru
 19047 | D:14     | Reached skill level 17 in Axes
 19282 | D:14     | 19282 ||| Stepping ~*~*~tactically~*~*~ (stealth).
 19284 | D:14     | 19284 ||| Stepping ~*~*~tactically~*~*~ (stealth).
 19286 | D:14     | 19286 ||| Stepping ~*~*~tactically~*~*~ (stealth).
 19288 | D:14     | 19288 ||| Stepping ~*~*~tactically~*~*~ (stealth).
 19290 | D:14     | 19290 ||| Stepping ~*~*~tactically~*~*~ (stealth).
 19292 | D:14     | 19292 ||| Stepping ~*~*~tactically~*~*~ (stealth).
 19294 | D:14     | 19294 ||| Stepping ~*~*~tactically~*~*~ (stealth).
 19296 | D:14     | 19296 ||| Stepping ~*~*~tactically~*~*~ (hiding).
 19370 | D:14     | 19370 ||| Stepping ~*~*~tactically~*~*~ (stealth).
 19372 | D:14     | 19372 ||| Stepping ~*~*~tactically~*~*~ (stealth).
 19374 | D:14     | 19374 ||| Stepping ~*~*~tactically~*~*~ (stealth).
 19376 | D:14     | 19376 ||| Stepping ~*~*~tactically~*~*~ (stealth).
 19378 | D:14     | 19378 ||| Stepping ~*~*~tactically~*~*~ (stealth).
 19380 | D:14     | 19380 ||| Stepping ~*~*~tactically~*~*~ (stealth).
 19382 | D:14     | 19382 ||| Stepping ~*~*~tactically~*~*~ (stealth).
 19384 | D:14     | 19384 ||| Stepping ~*~*~tactically~*~*~ (stealth).
 19386 | D:14     | 19386 ||| Stepping ~*~*~tactically~*~*~ (stealth).
 19388 | D:14     | 19388 ||| Stepping ~*~*~tactically~*~*~ (stealth).
 19390 | D:14     | 19390 ||| Stepping ~*~*~tactically~*~*~ (stealth).
 19392 | D:14     | 19392 ||| Stepping ~*~*~tactically~*~*~ (stealth).
 19394 | D:14     | 19394 ||| Stepping ~*~*~tactically~*~*~ (hiding).
 19508 | D:14     | 19508 ||| FLEEEEING.
 19509 | D:14     | 19509 ||| FLEEEEING.
 19510 | D:14     | 19510 ||| FLEEEEING.
 19511 | D:14     | 19511 ||| FLEEEEING.
 19512 | D:14     | 19512 ||| FLEEEEING.
 19513 | D:14     | 19513 ||| FLEEEEING.
 19514 | D:14     | 19514 ||| FLEEEEING.
 19515 | D:14     | 19515 ||| FLEEEEING.
 19516 | D:14     | 19516 ||| FLEEEEING.
 19517 | D:14     | 19517 ||| FLEEEEING.
 19518 | D:14     | 19518 ||| FLEEEEING.
 19519 | D:14     | 19519 ||| FLEEEEING.
 19520 | D:14     | 19520 ||| FLEEEEING.
 19521 | D:14     | 19521 ||| FLEEEEING.
 19522 | D:14     | 19522 ||| FLEEEEING.
 19523 | D:14     | 19523 ||| FLEEEEING.
 19524 | D:14     | 19524 ||| FLEEEEING.
 19525 | D:14     | 19525 ||| FLEEEEING.
 19526 | D:14     | 19526 ||| FLEEEEING.
 19527 | D:14     | 19527 ||| FLEEEEING.
 19528 | D:14     | 19528 ||| FLEEEEING.
 19529 | D:14     | 19529 ||| FLEEEEING.
 19530 | D:14     | 19530 ||| FLEEEEING.
 19705 | D:14     | 19705 ||| Stepping ~*~*~tactically~*~*~ (stealth).
 19707 | D:14     | 19707 ||| Stepping ~*~*~tactically~*~*~ (stealth).
 19714 | D:14     | 19714 ||| Stepping ~*~*~tactically~*~*~ (stealth).
 19716 | D:14     | 19716 ||| Stepping ~*~*~tactically~*~*~ (stealth).
 19723 | D:14     | Identified the +1 pair of gloves of the Hot Ocelot {Int+3}
                  | (Okawaru gifted it to you on level 14 of the Dungeon)
 19723 | D:14     | Received a gift from Okawaru
 19741 | D:14     | 19741 ||| INVOKING Heroism.
 19957 | D:14     | 19957 ||| DROPPING +1 pair of gloves of the Hot Ocelot
                  | {Int+3}.
 19993 | D:15     | Entered Level 15 of the Dungeon
 19996 | D:15     | 19996 ||| INVOKING Heroism.
 20263 | D:15     | Reached skill level 6 in Throwing
 20265 | D:15     | 20265 ||| INVOKING Heroism.
 20559 | D:15     | 20559 ||| Stepping ~*~*~tactically~*~*~ (stealth).
 20561 | D:15     | 20561 ||| Stepping ~*~*~tactically~*~*~ (stealth).
 20563 | D:15     | 20563 ||| Stepping ~*~*~tactically~*~*~ (stealth).
 20565 | D:15     | 20565 ||| Stepping ~*~*~tactically~*~*~ (hiding).
 20569 | D:15     | 20569 ||| INVOKING Heroism.
 20594 | D:15     | 20594 ||| Stepping ~*~*~tactically~*~*~ (stealth).
 20596 | D:15     | 20596 ||| Stepping ~*~*~tactically~*~*~ (stealth).
 20598 | D:15     | 20598 ||| Stepping ~*~*~tactically~*~*~ (stealth).
 20600 | D:15     | 20600 ||| Stepping ~*~*~tactically~*~*~ (stealth).
 20602 | D:15     | 20602 ||| Stepping ~*~*~tactically~*~*~ (stealth).
 20604 | D:15     | 20604 ||| Stepping ~*~*~tactically~*~*~ (stealth).
 20606 | D:15     | 20606 ||| Stepping ~*~*~tactically~*~*~ (stealth).
 20608 | D:15     | 20608 ||| Stepping ~*~*~tactically~*~*~ (stealth).
 20610 | D:15     | 20610 ||| Stepping ~*~*~tactically~*~*~ (stealth).
 20612 | D:15     | 20612 ||| Stepping ~*~*~tactically~*~*~ (stealth).
 20614 | D:15     | 20614 ||| Stepping ~*~*~tactically~*~*~ (stealth).
 20616 | D:15     | 20616 ||| Stepping ~*~*~tactically~*~*~ (stealth).
 20618 | D:15     | 20618 ||| Stepping ~*~*~tactically~*~*~ (stealth).
 20620 | D:15     | 20620 ||| Stepping ~*~*~tactically~*~*~ (stealth).
 20622 | D:15     | 20622 ||| Stepping ~*~*~tactically~*~*~ (stealth).
 20624 | D:15     | 20624 ||| Stepping ~*~*~tactically~*~*~ (stealth).
 20626 | D:15     | 20626 ||| Stepping ~*~*~tactically~*~*~ (stealth).
 20628 | D:15     | 20628 ||| FLEEEEING.
 20633 | D:15     | 20633 ||| FLEEEEING.
 20634 | D:15     | 20634 ||| FLEEEEING.
 20635 | D:15     | 20635 ||| FLEEEEING.
 20636 | D:15     | 20636 ||| FLEEEEING.
 20637 | D:15     | 20637 ||| FLEEEEING.
 20638 | D:15     | 20638 ||| FLEEEEING.
 20641 | D:15     | 20641 ||| FLEEEEING.
 20642 | D:15     | 20642 ||| FLEEEEING.
 20643 | D:15     | 20643 ||| FLEEEEING.
 20644 | D:15     | 20644 ||| FLEEEEING.
 20645 | D:15     | 20645 ||| FLEEEEING.
 20649 | D:15     | 20649 ||| FLEEEEING.
 20653 | D:15     | 20653 ||| FLEEEEING.
 20654 | D:15     | 20654 ||| FLEEEEING.
 20655 | D:15     | 20655 ||| INVOKING Heroism.
 20746 | D:15     | 20746 ||| Stepping ~*~*~tactically~*~*~ (stealth).
 20748 | D:15     | 20748 ||| Stepping ~*~*~tactically~*~*~ (stealth).
 20751 | D:15     | 20751 ||| Stepping ~*~*~tactically~*~*~ (stealth).
 20753 | D:15     | 20753 ||| Stepping ~*~*~tactically~*~*~ (hiding).
 20956 | D:15     | 20956 ||| Stepping ~*~*~tactically~*~*~ (stealth).
 20958 | D:15     | 20958 ||| Stepping ~*~*~tactically~*~*~ (stealth).
 20960 | D:15     | 20960 ||| Stepping ~*~*~tactically~*~*~ (stealth).
 21001 | D:15     | Found a staircase to the Depths.
 21162 | D:15     | 21162 ||| PLANNING ORC
 21162 | D:15     | 21162 ||| UPGRADING to +0 cloak.
 21267 | Orc:1    | Entered Level 1 of the Orcish Mines
 21268 | Orc:1    | 21268 ||| Stepping ~*~*~tactically~*~*~ (hiding).
 21269 | Orc:1    | 21269 ||| Stepping ~*~*~tactically~*~*~ (hiding).
 21270 | Orc:1    | 21270 ||| Stepping ~*~*~tactically~*~*~ (hiding).
 21271 | Orc:1    | 21271 ||| Stepping ~*~*~tactically~*~*~ (hiding).
 21280 | Orc:1    | Reached XP level 16. HP: 100/104 MP: 23/23
 21281 | Orc:1    | 21281 ||| Stepping ~*~*~tactically~*~*~ (stealth).
 21282 | Orc:1    | 21282 ||| Stepping ~*~*~tactically~*~*~ (stealth).
 21285 | Orc:1    | 21285 ||| Stepping ~*~*~tactically~*~*~ (stealth).
 21298 | Orc:1    | 21298 ||| Stepping ~*~*~tactically~*~*~ (stealth).
 21390 | Orc:1    | You are sucked into a shaft and drop 1 floor!
 21390 | Orc:2    | Entered Level 2 of the Orcish Mines
 21407 | Orc:2    | 21407 ||| INVOKING Heroism.
 21428 | Orc:2    | 21428 ||| Stepping ~*~*~tactically~*~*~ (hiding).
 21431 | Orc:2    | 21431 ||| Stepping ~*~*~tactically~*~*~ (hiding).
 21436 | Orc:2    | 21436 ||| Stepping ~*~*~tactically~*~*~ (hiding).
 21438 | Orc:2    | Noticed Saint Roka
 21438 | Orc:2    | Killed from afar by an orc sorcerer

Levels and vault maps discovered:
D:1:      minmay_arrival_solitary_statue, layout_loops_corners,
          minmay_misc_feat_cross, serial_park_tiny_2, nrook_loot_triangle
D:2:      layout_rooms, serial_shops, nicolae_shop_tiny_waterfront,
          kennysheep_generic_room_8
D:3:      layout_loops_corners
D:4:      layout_rooms, kiku_gazebo_pond_becter, gammafunk_temple_overflow_wave,
          gammafunk_ghost_necromancy, serial_shops, shop
D:5:      dreamdust_elfheim, layout_basic, mainiacjoe_overflow_large_starburst,
          minmay_temple_entry_drinking_statues, minmay_crystal_water,
          minmay_hollow_rounded_squares
D:6:      layout_basic, serial_shops, nicolae_stop_n_shop_1,
          gammafunk_ghost_gnarly_gnolls
D:7:      layout_cave_pods, uniq_duvessa
D:8:      kb_forest_paths, layout_loops_corners, makhleb_altar_promises_db,
          uniq_psyche
D:9:      cheibrodos_statue_roulette, layout_basic, okawaru_altar_gauntlet_db,
          lair_entry_dummy, serial_shops, nicolae_shop_gaudy_bauble, uniq_maggie
D:10:     layout_stronghold, mainiacjoe_overflow_boulevard,
          mainiacjoe_overflow_cross_hatched, david_orc_3, serial_column_ruins,
          column_ruins_circle_small, column_ruins_circle_medium,
          column_ruins_open_medium, column_ruins_open_small,
          column_ruins_open_medium, column_ruins_columns_corner,
          nicolae_shop_clearance
D:11:     layout_loops_ring, portal_ice_cave_entry_pillars_1, minivault_13
D:12:     layout_rooms, serial_shops, shop, uniq_nergalle, uniq_snorg,
          uniq_kirke
D:13:     layout_basic, david_vaults_2, serial_undead, serial_undead_b,
          serial_undead_a, serial_undead_e, serial_undead_f, minivault_11,
          minivault_25_ag, hangedman_abyss_or_decor_stabs,
          nicolae_dithmenos_the_darkroom
D:14:     layout_roguey, reono_crystal_passage
D:15:     grunt_enter_depths_hoard, layout_cave_pools, special_room
          [special_room_mythical_zoo]
Temple:   nicolae_temple_bog_church
Lair:1:   layout_long_grid, serial_rivers, chequers_serial_rivers_micro_e,
          chequers_serial_rivers_marsh, chequers_serial_rivers_small_a,
          chequers_serial_rivers_micro_d, chequers_serial_rivers_room_a,
          chequers_serial_rivers_small_a, minivault_25
Lair:2:   layout_regular_city, grunt_megastairs_3, lemuel_fruit_fields,
          infiniplex_staircase_pool_2
Lair:3:   layout_regular_city, minmay_shoals_entry_beasts,
          minmay_snake_entry_guardpost_small, ebering_ghost_disaster_area,
          dreamdust_wasp_nest
Lair:4:   layout_gridlike, slime_entry_2
Lair:5:   grunt_lair_end_beastmaster, layout_misc_corridors
Orc:1:    layout_caves, minmay_orc_temple_b
Orc:2:    grunt_orc_cross, layout_caves, nicolae_volcano_entry_two_sided,
          uniq_maurice

Skill      XL: |  1  2  3  4  5  6  7  8  9 10 11 12 13 14 15 |
---------------+----------------------------------------------+-----
Axes           | 2 3 4 5 6 7 9 11 12 14 16 17 | 17.2
Fighting       | 4 6 7 8 10 11 12 13 | 13.0
Throwing       | 1 3 4 5 6 |  6.0
Dodging        | 1 2 3 4 |  4.0
Armour         | 5 6 8 9 10 11 13 | 13.0
Shields        | 4 5 6 7 8 |  8.2
Invocations    | 4 9 10 | 10.0

Action                     |  1- 3 |  4- 6 |  7- 9 | 10-12 | 13-15 | 16-18 || total
---------------------------+-------+-------+-------+-------+-------+-------++-------
  Melee: War axe           |   100 |    88 |   216 |   446 |   469 |       ||  1319
         Morningstar       |       |       |       |       |    29 |       ||    29
         Broad axe         |       |       |       |       |   309 |    33 ||   342
  Throw: Boomerang         |    12 |    40 |    10 |    56 |   156 |       ||   274
         Javelin           |       |    10 |    58 |    60 |   164 |     1 ||   293
 Invoke: Heroism           |       |       |       |    13 |    23 |     1 ||    37
         Finesse           |       |       |       |       |     8 |       ||     8
    Use: Scroll            |     5 |     6 |     6 |     7 |     5 |       ||    29
         Potion            |       |     1 |     2 |       |       |       ||     3
   Stab: Sleeping          |       |       |       |     2 |     4 |       ||     6
         Distracted        |       |       |       |       |     1 |     1 ||     2
 Armour: Scale mail        |    51 |       |       |       |       |       ||    51
         Chain mail        |     3 |    83 |    47 |       |       |       ||   133
         Shadow dragon sca |       |       |    69 |   255 |   418 |    19 ||   761
  Dodge: Dodged            |    46 |    31 |    62 |   145 |   197 |     5 ||   486
  Block: Buckler           |     8 |    16 |    42 |    65 |   167 |    10 ||   308

Table legend:
 A = Non-vault XP
 B = Vault XP
 C = Vault XP percentage of total XP
 D = Non-vault monster count
 E = Vault monster count
 F = Vault count percentage of total count
                 A         B        C        D         E       F
            +---------+---------+-------+---------+---------+-------
      Total |   88239 |   42645 |  32.6 |     461 |     135 |  22.7
            +---------+---------+-------+---------+---------+-------
        D:1 |      53 |       0 |   0.0 |      28 |       0 |   0.0
        D:2 |      34 |       0 |   0.0 |      14 |       0 |   0.0
        D:3 |     126 |       0 |   0.0 |      14 |       0 |   0.0
        D:4 |     334 |       0 |   0.0 |      23 |       0 |   0.0
        D:5 |     311 |     995 |  76.2 |      11 |      10 |  47.6
        D:6 |     655 |       0 |   0.0 |      10 |       0 |   0.0
        D:7 |    1426 |       0 |   0.0 |      27 |       0 |   0.0
        D:8 |    1586 |    2941 |  65.0 |      30 |      15 |  33.3
        D:9 |    2615 |    2559 |  49.5 |      32 |      11 |  25.6
       D:10 |    3120 |     290 |   8.5 |      13 |       6 |  31.6
       D:11 |    4058 |     550 |  11.9 |      19 |       1 |   5.0
       D:12 |    6404 |    4224 |  39.7 |      26 |       9 |  25.7
       D:13 |    3760 |    8765 |  70.0 |      13 |      19 |  59.4
       D:14 |    9432 |       0 |   0.0 |      16 |       0 |   0.0
       D:15 |    5536 |    6391 |  53.6 |      15 |      22 |  59.5
     Lair:1 |    4803 |       0 |   0.0 |      25 |       0 |   0.0
     Lair:2 |    7051 |     487 |   6.5 |      24 |       2 |   7.7
     Lair:3 |    7742 |    3626 |  31.9 |      25 |      13 |  34.2
     Lair:4 |   11066 |       0 |   0.0 |      38 |       0 |   0.0
     Lair:5 |   16914 |   10925 |  39.2 |      44 |      22 |  33.3
      Orc:1 |     815 |       0 |   0.0 |       5 |       0 |   0.0
      Orc:2 |     398 |     892 |  69.1 |       9 |       5 |  35.7
            +---------+---------+-------+---------+---------+-------
